 Dungeon Crawl Stone Soup version 0.13-a0-2382-gbc6a47d (webtiles) character file.

236 Juliette the Chiller (level 5, -2/35 HPs)
             Began as a Merfolk Ice Elementalist on July 14, 2013.
             Slain by Grinder (4 damage)
             ... while paralysed by Grinder
             ... on Level 3 of the Dungeon.
             The game lasted 00:16:06 (3065 turns).

Juliette the Chiller (Merfolk Ice Elementalist)     Turns: 3065, Time: 00:16:06

HP  -2/35        AC  3     Str  8      XL: 5   Next: 12%
MP   6/10        EV  2     Int 15      God:
Gold 107         SH  0     Dex 15      Spells:  1 memorised,  9 levels left

Res.Fire  : . . .   See Invis. : .   y - +0 orc spear
Res.Cold  : . . .   Warding    : .   m - +0 leather armour
Life Prot.: . . .   Conserve   : .   (no shield)
Res.Poison: .       Res.Corr.  : .   (no helmet)
Res.Elec. : .       Clarity    : .   (no cloak)
Sust.Abil.: . .     Spirit.Shd : .   (no gloves)
Res.Mut.  : .       Stasis     : .   (no boots)
Res.Rott. : .       Flight     : .   (no amulet)
Saprovore : . . .                    (no ring)
                                     (no ring)

@: paralysed, slightly resistant to hostile enchantments, fairly stealthy
A: change form in water, swift swim
a: no special abilities


You were on level 3 of the Dungeon.
You were hungry.

You visited 1 branch of the dungeon, and saw 3 of its levels.

You collected 87 gold pieces.

Inventory:

Hand weapons
 y - a +0,+0 orcish spear (weapon)
Armour
 m - a +0 leather armour (worn)
Magical devices
 z - a wand of frost (5)
Comestibles
 c - 2 bread rations
 f - 3 meat rations
 g - a pear
 t - an apple
Scrolls
 e - 3 scrolls of identify {unknown}
 i - a scroll of enchant weapon II {unknown}
 j - a scroll of magic mapping {unknown}
 k - a scroll of fog {unknown}
 l - a scroll of curse weapon {unknown}
 n - a scroll of curse armour {unknown}
 p - 2 scrolls of remove curse {unknown}
 q - a scroll of random uselessness {unknown}
Potions
 d - a potion of mutation {unknown}
 h - 2 potions of brilliance {unknown}
 o - a potion of restore abilities {unknown}
 r - a potion of heal wounds {unknown}
 s - a potion of agility {unknown}
Books
 b - a book of Frost

   Spells                             Type                      Level
   *Freeze                            Ice                          1
   Throw Frost                        Conjuration/Ice              2
   Ozocubu's Armour                   Charms/Ice                   3
   Throw Icicle                       Conjuration/Ice              4
   Summon Ice Beast                   Ice/Summoning                4
   Condensation Shield                Ice                          4


   Skills:
 - Level 3.0 Polearms
 - Level 3.0 Dodging
 - Level 2.3 Stealth
 * Level 3.1 Spellcasting
   Level 0.7 Conjurations
 - Level 4.0 Ice Magic


You had 9 spell levels left.
You knew the following spells:

 Your Spells              Type           Power        Failure   Level  Hunger
a - Freeze                Ice            ##..         4%          1    #......


Dungeon Overview and Level Annotations

Branches:
Dungeon (3/27)

Altars:

Annotations
D:3 Grinder


Message History

The gnoll is severely wounded.
Casting: Freeze
Confirm with . or Enter, or press ? or * to list all spells.
Aiming: Freeze
Press: ? - help, Shift-Dir - straight line, f/p - gnoll
Aim: a gnoll (severely wounded)
You freeze the gnoll.
The gnoll is almost dead.
The gnoll barely misses you. Grinder gestures at you.
Pain shoots through your body! Grinder gestures at you.
You suddenly lose the ability to move!
Grinder gestures at you. You resist. The gnoll hits you.
* * * LOW HITPOINT WARNING * * *
The gnoll hits you!
* * * LOW HITPOINT WARNING * * *
Grinder hits you.
You die...

#.# #.# #.#
###.#
#...#########
#.#.....))..#
#.#.#######.#
#(#.# #.# #.#.#
###@### #.#.#
#..g5.## #.#.#
#.#gg..# #.#.#
#..............
.#.#
#....8..8.....
#.#
#.............
#...8......8..<
.......(.....
...........


You could see Grinder and 3 gnolls.

Vanquished Creatures
  An orc wizard (D:3)
  A big kobold skeleton (D:3)
  2 adders
  A gnoll (D:3)
  A worm (D:3)
  2 giant geckos
  5 orcs (D:3)
  4 goblins
  5 hobgoblins
  6 bats
  3 giant cockroaches
  3 giant newts
  7 kobolds
  7 rats
48 creatures vanquished.

Notes
Turn   | Place    | Note
--------------------------------------------------------------
     0 | D:1      | Juliette, the Merfolk Ice Elementalist, began the quest for the Orb.
     0 | D:1      | Reached XP level 1. HP: 13/13 MP: 3/3
   254 | D:1      | Reached XP level 2. HP: 19/19 MP: 2/4
   676 | D:1      | Reached skill level 4 in Ice Magic
  1254 | D:2      | Reached XP level 3. HP: 16/24 MP: 3/6
  2364 | D:3      | Reached XP level 4. HP: 23/30 MP: 6/8
  2457 | D:3      | Reached skill level 1 in Polearms
  2836 | D:3      | Reached XP level 5. HP: 15/35 MP: 8/10
  3056 | D:3      | Noticed Grinder
  3062 | D:3      | Paralysed by Grinder for 5 turns
  3064 | D:3      | HP: 1/35 [gnoll (7)]
  3065 | D:3      | Slain by Grinder

Action                   |  1- 3 |  4- 6 || total
-------------------------+-------+-------++-------
Melee: Unarmed           |     2 |       ||     2
       Club              |     4 |       ||     4
       Spear             |       |    53 ||    53
 Cast: Freeze            |    55 |    20 ||    75
Evoke: Wand              |       |     1 ||     1
 Stab: Sleeping          |     1 |       ||     1
